 Dungeon Crawl Stone Soup version 0.18.1-48-g4cf74bf (webtiles) character file.

147 MistressOfTheDunes the Insei (level 5, 0/41 HPs)
             Began as a Mummy Monk on July 20, 2016.
             Slain by an orc priest (5 damage)
             ... on level 1 of the Dungeon.
             The game lasted 00:08:19 (5277 turns).

MistressOfTheDunes the Insei (Mummy Monk)           Turns: 5277, Time: 00:08:20

Health: 0/41       AC:  1    Str: 14    XL:     5   Next: 8%
Magic:  5/5        EV: 15    Int: 10    God:
Gold:   164        SH:  0    Dex: 20    Spells: 0 memorised, 4 levels left

rFire  x . .     SeeInvis .       - Unarmed
rCold  + . .     Gourm    .     (no armour)
rNeg   + + +     Faith    .     (no shield)
rPois  ∞         Spirit   .     g - +0 helmet
rElec  .         Dismiss  .     (no cloak)
rCorr  .         Reflect  .     (no gloves)
SustAt .         Harm     .     (no boots)
MR     .....                    (no amulet)
Stlth  ++........               e - +5 ring of dexterity (curse)
                                (no ring)

@: not resistant to hostile enchantments, unstealthy
A: no food or potions, fire vulnerability, cold resistance 1, negative energy
resistance 3, torment resistance, unbreathing
a: no special abilities


You were on level 1 of the Dungeon.
You were not hungry.

You visited 1 branch of the dungeon, and saw 3 of its levels.

You collected 164 gold pieces.


Innate Abilities, Weirdness & Mutations

You do not eat or drink.
Your flesh is vulnerable to fire.
You are immune to poison.
Your flesh is cold resistant.
You are immune to negative energy.
You are immune to unholy pain and torment.
You can survive without breathing.


   Skills:
 - Level 3.0 Fighting
 - Level 3.8 Dodging
 - Level 1.5 Stealth
 + Level 4.3 Unarmed Combat


You had 4 spell levels left.
You didn't know any spells.

Inventory:

Armour
 g - a +0 helmet (worn)
Jewellery
 e - a cursed +5 ring of dexterity (right hand)
 f - a cursed -4 ring of protection {unknown}
Scrolls
 a - 2 scrolls of recharging {unknown}
 b - 2 scrolls of enchant armour {unknown}
 c - a scroll of identify {unknown}
 d - 2 scrolls of remove curse {unknown}

Dungeon Overview and Level Annotations

Branches:
Dungeon (3/15)

Altars:
Gozag

...▒..▒▒....).▒▒▒▒▒..........▒...
......▒▒▒.▒▒▒....▒▒........▒.....
...▒..▒ ▒.▒▒▒▒▒▒...............).
▒.▒▒..▒▒▒..▒▒▒ ▒▒▒▒..............
▒.▒▒.....▒...▒▒▒............▒▒...
▒.....▒▒......▒▒.▒▒........▒▒▒..>
▒..▒▒.▒▒▒▒▒......▒▒........▒ ▒▒▒▒
...▒▒.▒ ▒▒▒▒.▒▒...▒.....▒▒▒ ▒
..▒▒▒.▒ ▒▒......M.......▒▒ ▒ ▒.▒
▒.▒ ▒..▒▒.▒▒o▒....▒▒▒ ▒ ▒.▒ ▒.▒
▒.▒▒▒.........▒▒▒▒▒▒▒▒ ▒ ▒.▒
▒.▒▒▒.▒▒▒...▒▒▒...▒......▒▒ ▒
▒.▒▒▒.▒...▒▒...)▒▒▒...........▒▒
...▒▒.▒.▒▒....▒..▒).▒..........▒
............▒.......▒..........▒
...▒▒.▒▒▒...▒.▒▒.▒▒.▒..........▒
▒▒.▒▒.▒ ▒.....▒▒..▒.▒..........▒


You could see an orc priest.


Message History

You climb downwards!
The orc wizard gestures wildly while chanting!
The orc wizard blinks!!!
The orc priest misses you!
There is a stone staircase leading up, spattered with blood here!
You see here a mace!
The orc priest hits you!
You climb upwards!
There is a stone staircase leading down here!
You pummel the orc priest but do no damage!
The orc priest closely misses you!
You barely miss the orc priest! The orc priest hits you!
You pulverise the orc priest but do no damage!
The orc priest mumbles some strange prayers to Beogh against you!
Beogh smites you!!!
You are too injured to fight recklessly!!!
You are too injured to fight recklessly!!!
You are too injured to fight recklessly!!!
You are too injured to fight recklessly!!!
You squash the orc priest like an ant!
You punch the orc priest!
The orc priest is heavily wounded!
The orc priest calls down the wrath of Beogh upon you!
Beogh smites you!!! * * * don't die
* * * You beat the orc priest into a bloody pulp!
The orc priest is severely wounded!
The orc priest barely misses you!
You closely miss the orc priest!
The orc priest is severely wounded!
The orc priest hits you! rip

Action                   |  1- 3 |  4- 6 || total
-------------------------+-------+-------++-------
Melee: Unarmed           |   175 |   152 ||   327
       Punch             |     5 |     5 ||    10
 Stab: Sleeping          |     4 |     1 ||     5
       Distracted        |       |     1 ||     1
Armor: Skin              |       |     1 ||     1
Dodge: Dodged            |    99 |    92 ||   191

Vault maps used:
D:1:      scummos_arrival_star
D:2:      st_stairs_6, kennysheep_minor_cross
D:3:      nicolae_gozag_cash_rules_everything_around_me

Notes
Turn   | Place    | Note
--------------------------------------------------------------
     0 | D:1      | MistressOfTheDunes the Mummy Monk began the quest for the Orb.
     0 | D:1      | Reached XP level 1. HP: 18/18 MP: 1/1
   179 | D:1      | HP: 1/18 [jackal (1)]
   479 | D:1      | Reached XP level 2. HP: 14/24 MP: 2/2
  1021 | D:1      | Reached skill level 4 in Unarmed Combat
  1248 | D:2      | Reached XP level 3. HP: 14/29 MP: 3/3
  1951 | D:2      | HP: 2/29 [hobgoblin/club (6)]
  1956 | D:2      | HP: 1/29 [bat (1)]
  2564 | D:2      | Reached XP level 4. HP: 30/35 MP: 4/4
  2893 | D:2      | Reached skill level 3 in Dodging
  3997 | D:3      | Found an opulent altar of Gozag.
  4949 | D:2      | Reached XP level 5. HP: 33/41 MP: 5/5
  5277 | D:1      | Slain by an orc priest

Vanquished Creatures
  3 adders
  4 oozes
  2 dart slugs
  5 worms
  A giant gecko (D:2)
  5 orcs
  2 ball pythons
  4 giant cockroaches
  7 goblins
  12 hobgoblins
  4 jackals (D:1)
  7 kobolds
  A quokka (D:3)
  6 bats
  4 giant newts
  10 rats
77 creatures vanquished.
